 Dungeon Crawl Stone Soup version 0.29.1-12-g30fa7ad0bf (webtiles) character file.

Game seed: 18169203268015132620

50 javelincjr the Chopper (level 3, -2/34 HPs)
             Began as a Minotaur Berserker on Jan 14, 2023.
             Was a Believer of Trog.
             Slain by an orc priest
             ... wielding a +0 club
              (5 damage)
             ... on level 3 of the Dungeon.
             The game lasted 00:03:00 (1356 turns).

javelincjr the Chopper (Minotaur Berserker)         Turns: 1356, Time: 00:03:01

Health: -2/34      AC: 11    Str: 21    XL:     3   Next: 55%
Magic:  2/2        EV:  6    Int:  4    God:    Trog [**....]
Gold:   157        SH:  0    Dex: 11    Spells: 2/2 levels left

rFire   . . .      SeeInvis +   a - +0 hand axe
rCold   . . .      Faith    .   (no shield)
rNeg    . . .      Spirit   .   f - +0 plate armour
rPois   .          Reflect  .   (helmet restricted)
rElec   .          Harm     .   (no cloak)
rCorr   .          Rampage  .   (no gloves)
Will    .....                   (no boots)
Stlth   ..........              (no amulet)
HPRegen 0.11/turn               g - ring of see invisible
MPRegen 0.08/turn               (no ring)

@: confused
A: horns 2, retaliatory headbutt
a: Renounce Religion, Berserk, Trog's Hand


You were on level 3 of the Dungeon.
You worshipped Trog.
Trog was pleased with you.
You visited 1 branch of the dungeon, and saw 3 of its levels.

You collected 157 gold pieces.

Inventory:

Hand Weapons
 a - a +0 hand axe (weapon)
Armour
 b - a +0 animal skin
 f - a +0 plate armour (worn)
Jewellery
 g - a ring of see invisible (left hand)
Wands
 l - a wand of flame (16)
Scrolls
 d - a scroll of butterflies {unknown}
 e - a scroll of enchant armour {unknown}
 j - a scroll of teleportation {unknown}
 n - a scroll of blinking {unknown}
 o - a scroll of amnesia {unknown}
Potions
 c - 3 potions of mutation {unknown}
 h - a potion of resistance {unknown}
 i - 2 potions of brilliance {unknown}
 k - a potion of degeneration {unknown}
 m - a potion of cancellation {unknown}
 p - 2 potions of flight {unknown}


   Skills:
 + Level 4.3 Fighting
 + Level 4.6 Axes
 + Level 2.7 Armour
 + Level 2.5 Dodging


You had 2 spell levels left.
You didn't know any spells.
Your spell library was empty.

Dungeon Overview and Level Annotations

Branches:
Dungeon (3/15)

Altars:
Zin


Innate Abilities, Weirdness & Mutations

You have a pair of horns on your head.
You reflexively headbutt those who attack you in melee.


Message History

The orc priest is moderately wounded.
You hit the orc wizard but do no damage.
The orc wizard hits you with a +0 dagger of speed.
The orc priest hits you but does no damage.
You hit the orc priest.
The orc priest is heavily wounded.
You hit the orc wizard but do no damage.
The orc wizard gestures at you while chanting.
You are confused.
The orc priest invokes the aid of Beogh against you.
Beogh smites you!
You are too injured to fight recklessly!
You are too injured to fight recklessly!
You are too injured to fight recklessly!
Unknown command.
You miss the orc wizard. Your punch misses the orc wizard.
The orc wizard is lightly wounded.
You barely miss the orc priest.
The orc wizard hits you but does no damage.
The orc priest looks braver for a moment.
The orc wizard mumbles some strange words.
The orc wizard flickers and vanishes for a moment.
You closely miss the orc wizard.
The orc wizard is lightly wounded.
You barely miss the orc priest.
The orc priest invokes the aid of Beogh against you.
Beogh smites you!
* * * LOW HITPOINT WARNING * * *
The orc wizard hits you with a +0 dagger of speed.
* * * LOW HITPOINT WARNING * * *
You bump into the rock wall.
The orc wizard barely misses you. The orc priest barely misses you.
The orc wizard hits you but does no damage.
You miss the orc wizard.
The orc wizard is lightly wounded.
You hit the orc priest.
The orc priest hits you but does no damage.
The orc wizard completely misses you.
You bump into the rock wall.
The orc priest hits you with a +0 club.
You die...

.....#.#.# #.#
.....#'#.# #.#
###......# #.#
#......# #.# #......#
#.#
+...>..###.##########.
#.....................
..##....#######..#####
... #....# #@)# ...
#....# #oo# ##+#.#
#..# ... ...# ..# #.##
..+ #.. ###


You could see an orc priest and an orc wizard (invisible).

Vanquished Creatures
  2 adders (D:2)
  A worm (D:2)
  A dart slug (D:1)
  An orc (D:3)
  4 bats
  5 endoplasms
  A giant cockroach (D:1)
  A hobgoblin (D:1)
  3 kobolds
  A quokka (D:1)
  5 ball pythons
  3 rats
28 creatures vanquished.

Notes
Turn   | Place    | Note
-------+----------+-------------------------------------------
     0 | D:1      | javelincjr the Minotaur Berserker began the quest for the
                  | Orb.
     0 | D:1      | Reached XP level 1. HP: 19/19 MP: 0/0
   320 | D:1      | Reached XP level 2. HP: 20/27 MP: 1/1
   779 | D:2      | Found a faded altar of an unknown god.
   873 | D:2      | Reached XP level 3. HP: 33/33 MP: 2/2
  1039 | D:2      | Found a glowing silver altar of Zin.
  1143 | D:2      | Reached ** piety under Trog
  1356 | D:3      | Slain by an orc priest

Illustrated notes

Levels and vault maps discovered:
D:1:      amcnicky_arrival_gap_in_the_tavern_cellar, layout_loops_ring,
          minmay_misc_feat_doors, nrook_mini_vaults,
          chequers_serial_rivers_micro_c
D:2:      layout_rooms, ebering_ecumenical_altar_abandoned, basic_altar,
          minmay_pentomino_t4
D:3:      layout_basic, uniq_ijyb, uniq_crazy_yiuf_cottage

Skill      XL: |  1  2 |
---------------+-------+-----
Axes           | 4 |  4.6
Fighting       | 4 |  4.3
Armour         | |  2.7
Dodging        | |  2.5

Action                   || total
-------------------------++-------
Melee: Hand axe          ||    69
       Headbutt          ||     9
       Punch             ||     1
Armor: Animal skin       ||     2
       Plate armour      ||    48
Dodge: Dodged            ||    17
